 Dungeon Crawl Stone Soup version 0.28.0-53-g5a82cb258f (webtiles) character file.

Game seed: 2302540246460167527

3648 Zeld the Destroyer (level 9, -8/62 HPs)
             Began as a Pale Draconian Conjurer on June 13, 2022.
             Was an Initiate of Gozag.
             Mangled by a human
             ... wielding a +0 long sword
              (12 damage)
             ... on level 7 of the Dungeon.
             The game lasted 00:11:55 (10800 turns).

Zeld the Destroyer (Pale Draconian Conjurer)       Turns: 10800, Time: 00:11:55

Health: -8/62      AC:  7    Str: 10    XL:     9   Next: 88%
Magic:  3/30       EV: 12    Int: 23    God:    Gozag
Gold:   385        SH:  0    Dex:  9    Spells: 14/25 levels left

rFire   . . .      SeeInvis .   (no weapon)
rCold   . . .      Faith    .   (no shield)
rNeg    . . .      Spirit   .   (armour unavailable)
rPois   .          Reflect  .   (helmet restricted)
rElec   .          Harm     .   (no cloak)
rCorr   .          Rampage  .   (no gloves)
Will    .....                   (no boots)
Stlth   ++........              (no amulet)
HPRegen 0.20/turn               j - ring of magical power
MPRegen 0.22/turn               (no ring)

@: short of breath, gold aura
A: breathe steam, AC +7, unfitting armour, cold-blooded, steam resistance
a: Breathe Steam, Renounce Religion, Potion Petition, Call Merchant, Bribe
Branch


You were on level 7 of the Dungeon.
You worshipped Gozag.
Gozag was aware of your devotion.
You visited 2 branches of the dungeon, and saw 8 of its levels.
You also visited: Sewer.

You collected 871 gold pieces.
You spent 399 gold pieces at shops.
You paid 87 gold pieces to Gozag.

Inventory:

Missiles
 t - 4 curare-tipped darts
 u - 4 poisoned darts (quivered)
Jewellery
 j - a ring of magical power (left hand)
 y - a ring of positive energy
Wands
 v - a wand of charming (6)
 x - a wand of iceblast (25)
Scrolls
 a - 4 scrolls of teleportation
 c - 3 scrolls of identify
 d - 2 scrolls of holy word
 e - 2 scrolls of magic mapping
 f - 2 scrolls of fog
 w - a scroll of amnesia
Potions
 g - 2 potions of mutation {unknown}
 h - 6 potions of degeneration {unknown}
 i - 2 potions of resistance {unknown}
 l - 2 potions of curing
 n - 2 potions of magic {unknown}
 o - 2 potions of heal wounds
 p - a potion of experience {unknown}
 q - 2 potions of might {unknown}
 r - 3 potions of attraction {unknown}


   Skills:
 + Level 4.2 Throwing
 - Level 1.7 Dodging
 - Level 1.7 Stealth
 * Level 8.6 Spellcasting
 * Level 10.1 Conjurations
 - Level 2.0 Hexes
 - Level 2.0 Translocations


You had 14 spell levels left.
You knew the following spells:

 Your Spells              Type           Power      Damage    Failure   Level
a - Magic Dart            Conj           100%       1d8       1%          1
b - Searing Ray           Conj           100%       2d8       1%          2
c - Fulminant Prism       Conj/Hex       18%        3d11      5%          4
d - Iskenderun's Mystic   Conj/Tloc      37%        2d9       5%          4

Your spell library contained the following spells:

 Spells                   Type           Power      Damage    Failure   Level
 Dazzling Flash           Conj/Hex       74%        N/A       1%          3
 Stone Arrow              Conj/Erth      66%        3d11      2%          3
 Freeze                   Ice            36%        1d6       7%          1
 Sandblast                Erth           18%        2d7       7%          1
 Hailstorm                Conj/Ice       33%        3d8       9%          4
 Passwall                 Tmut/Erth      7%         N/A       10%         2
 Frozen Ramparts          Ice            18%        1d3       21%         3
 Starburst                Conj/Fire      16%        6d6       77%         6


Dungeon Overview and Level Annotations

Branches:
Dungeon (7/15)             Temple (1/1) D:5           Sewer (visited)

Altars:
Ashenzari
Cheibriados
Elyvilon
Fedhas
Gozag
Hepliaklqana
Kikubaaqudgha
Nemelex Xobeh
Okawaru
Qazlal
Ru
Sif Muna
Trog
Uskayaw
Wu Jian
Yredelemnul
Zin

Shops:
D:1 *   D:5 ([?*!   D:6 *


Innate Abilities, Weirdness & Mutations

You can breathe blasts of scalding, opaque steam.
Your pale cyan-grey scales are hard. (AC +7)
You cannot fit into any form of body armour.
You are cold-blooded and may be slowed by cold attacks.
You are immune to the effects of steam.


Message History

The human is lightly wounded.
The human is knocked back by the mystic blast.
The human slams into the rock wall!
The human is moderately wounded.
The mystic blast hits the jelly!
The jelly is severely wounded.
The jelly is knocked back by the mystic blast.
Unknown command.
The human hits you with a +0 long sword.
* * * LOW HITPOINT WARNING * * *
Casting: Iskenderun's Mystic Blast (dangerous; 5% risk of failure)
Confirm with . or Enter, or press ? or * to list all spells.
You erupt in a blast of force!
The mystic blast hits the jelly!
You kill the jelly!
The mystic blast hits the human!
The human is heavily wounded.
The human is knocked back by the mystic blast.
The human slams into the rock wall!
The mystic blast hits the human but does no damage.
The human is moderately wounded.
The human barely misses you.
Unknown command.
Unknown command.
Blink to where?
Press: ? - help, Dir - move target
As you read the scroll of blinking, it crumbles to dust.
The shadow slips into darkness.
The shadow flickers and vanishes!
Deactivating autopickup; reactivate with Ctrl-A.
As you read the scroll of teleportation, it crumbles to dust.
You feel strangely unstable.
Your surroundings suddenly seem different.
There is an iron altar of Okawaru here.
Aiming: Breathe Steam (1% risk of failure)
Press: ? - help, Shift-Dir - straight line You exhale a blast of scalding steam.
The ball of steam hits the human.
The human is heavily wounded.
The human hits you with a +0 long sword!
You die...
Your body crumbles into a pile of gold.

..... #..#..#...#.........
#..###....##...##........
#....................$...
##.......)................ .
#.....###.###.............
..##....#8#ยง#8#...........##
#.......#.#p#.#......$....#
......#.#.!p..#...........#
.$......#..@..#..........##
........#######.....>....#
...........................
........!................###
.....#...............)....
#....#.....#.............. $
#.##.#.....#............. #.
#...................
...#................


You could see 2 humans.

Vanquished Creatures
  6 yaks (D:5)
  2 ice beasts
  A sky beast (D:5)
  2 black bears
  A necrophage (D:6)
  A centaur (D:5)
  An ogre (D:6)
  3 kobold brigands
  3 bullfrogs
  A scorpion (D:7)
  2 water moccasin skeletons
  3 wyvern skeletons
  9 killer bees
  A howler monkey (D:7)
  2 bullfrog zombies
  2 hounds (D:5)
  2 jellies
  5 orc priests
  A hell rat (Sewer)
  A bullfrog skeleton (D:5)
  A gnoll shaman (D:5)
  An iguana (D:5)
  4 orc wizards
  13 gnolls
  5 adders
  7 river rats
  3 worms
  2 dart slugs
  25 orcs
  7 endoplasms
  6 giant cockroaches
  10 goblins
  10 hobgoblins
  4 jackals (D:2)
  14 kobolds
  4 quokkas
  4 ball pythons
  5 bats (D:1)
  3 frilled lizards
  10 rats
187 creatures vanquished.

Vanquished Creatures (others)
  A fulminant prism (D:5)
1 creature vanquished.

Grand Total: 188 creatures vanquished

Notes
Turn   | Place    | Note
-------+----------+-------------------------------------------
     0 | D:1      | Zeld the Draconian Conjurer began the quest for the Orb.
     0 | D:1      | Reached XP level 1. HP: 14/14 MP: 3/3
   243 | D:1      | Reached XP level 2. HP: 19/20 MP: 1/5
   341 | D:1      | Reached skill level 1 in Hexes
   344 | D:1      | Reached skill level 1 in Translocations
   522 | D:1      | Learned a level 2 spell: Searing Ray
   673 | D:1      | Found a faded altar of an unknown god.
   677 | D:1      | Reached XP level 3. HP: 26/26 MP: 1/6
  1108 | D:1      | Found Byalaicw's General Store.
  3174 | D:3      | Reached XP level 4. HP: 30/33 MP: 2/7
  4012 | D:3      | Reached XP level 5. HP: 33/38 MP: 9/9
  4263 | D:4      | Identified the +3 ring mail of Hecuh {Will++ Regen+}
  4344 | D:4      | Noticed a black bear
  4350 | D:4      | Killed a black bear
  4351 | D:4      | Reached skill level 5 in Conjurations
  4546 | D:4      | Reached XP level 6. HP: 39/45 MP: 11/11
  4570 | D:4      | Found a glowing drain.
  4577 | Sewer    | Entered a sewer
  4628 | Sewer    | Learned a level 4 spell: Fulminant Prism
  4633 | Sewer    | Learned a level 4 spell: Iskenderun's Mystic Blast
  5609 | D:4      | Reached skill level 6 in Conjurations
  5846 | D:4      | Your scales start taking on a pale cyan-grey colour.
  5846 | D:4      | Reached XP level 7. HP: 45/50 MP: 10/13
  5846 | D:4      | Gained mutation: You are immune to the effects of steam.
                  | [Pale Draconian growth]
  6166 | D:5      | Entered Level 5 of the Dungeon
  6303 | D:5      | Found a staircase to the Ecumenical Temple.
  6331 | Temple   | Entered the Ecumenical Temple
  6352 | Temple   | Became a worshipper of Gozag Ym Sagoz the Greedy
  6645 | D:1      | Bought a potion of curing for 39 gold pieces
  6645 | D:1      | Bought a potion of heal wounds for 65 gold pieces
  6645 | D:1      | Bought a scroll of identify for 26 gold pieces
  6645 | D:1      | Bought a scroll of identify for 26 gold pieces
  6743 | D:5      | Reached skill level 5 in Spellcasting
  7054 | D:5      | Reached skill level 7 in Conjurations
  7192 | D:5      | Found Ucaveyrr's Armour Shop.
  7330 | D:5      | Found Yloif's Antique Weapon Boutique.
  7359 | D:5      | Reached XP level 8. HP: 44/57 MP: 15/16
  7641 | D:5      | Reached skill level 1 in Throwing
  7836 | D:5      | Found Lugupnue's Magic Scroll Emporium.
  7980 | D:5      | Reached skill level 8 in Conjurations
  8255 | D:5      | Found Ufetex's Distillery.
  8322 | D:5      | Bought a bloodstained spear for 168 gold pieces
  8322 | D:5      | Identified the +7 spear of Resusamu {vorpal, rF++ Int+2}
                  | (You bought it in a shop on level 5 of the Dungeon)
  8451 | D:1      | Bought a scroll of identify for 26 gold pieces
  8451 | D:1      | Bought a scroll of identify for 26 gold pieces
  8757 | D:5      | Found Dugiug's Assorted Antiques.
  8765 | D:5      | Bought a scroll labelled AXKICICRO RIFUL for 23 gold pieces
  8782 | D:5      | Reached XP level 9. HP: 41/62 MP: 1/19
  8793 | D:5      | Reached skill level 9 in Conjurations
 10167 | D:6      | Found Opoeb's General Store.
 10742 | D:7      | Reached skill level 10 in Conjurations
 10787 | D:7      | Found an iron altar of Okawaru.
 10793 | D:7      | HP: 3/62 [human/+0 long sword (3)]
 10800 | D:7      | Mangled by a human

Illustrated notes

Levels and vault maps discovered:
D:1:      wander_arrival_peaceful_grave, layout_loops_ring,
          hellmonk_ecumenical_altar_prayer_group, serial_shops, shop
D:2:      layout_basic
D:3:      layout_loops_cross
D:4:      cheibrodos_thug_alley, layout_cave_pods, gup_sewer_entry_bubbles,
          minivault_14
D:5:      layout_loops_corners, minmay_temple_entry_enclosed_plants,
          serial_shops, nicolae_square_shop, shop, shop_statue,
          nicolae_shop_waterfront, nicolae_shop_crystal,
          serial_co_window_serial, co_window_of_opportunity_a,
          co_window_paths_b, co_window_of_opportunity_a, co_window_paths_a,
          co_window_paths_a, co_window_of_opportunity_a, co_window_paths_b,
          co_window_paths_b, co_window_of_opportunity_a,
          co_window_unsneaky_path_c, co_window_paths_c, co_window_paths_c,
          co_window_of_opportunity_b, co_window_of_opportunity_b,
          co_window_of_opportunity_b, co_window_cross_2
D:6:      layout_gridville, serial_shops, nicolae_shop_crystal
D:7:      layout_cave_pools, nicolae_overflow_crystal_walls, okawaru_humans,
          nicolae_shop_dragon_depot, nicolae_take_the_stairs
Temple:   nicolae_temple_elliptical

Skill      XL: |  1  2  3  4  5  6  7  8  9 |
---------------+----------------------------+-----
Hexes          | 1 2 |  2.0
Translocations | 1 2 |  2.0
Spellcasting   | 3 4 5 7 8 |  8.6
Conjurations   | 5 6 7 8 10 | 10.1
Throwing       | 2 4 |  4.2
Dodging        | |  1.7
Stealth        | |  1.7

Action                   |  1- 3 |  4- 6 |  7- 9 || total
-------------------------+-------+-------+-------++-------
Melee: Unarmed           |    64 |     2 |    41 ||   107
       Tailslap          |     5 |       |     3 ||     8
Throw: Dart              |       |       |     1 ||     1
 Cast: Magic Dart        |    98 |    44 |     5 ||   147
       Searing Ray       |     6 |    25 |    23 ||    54
       Iskenderun's Myst |       |       |    63 ||    63
       Fulminant Prism   |       |       |     1 ||     1
 Abil: Breathe Steam     |       |       |     9 ||     9
  Use: Scroll            |       |       |    11 ||    11
Armor: Skin              |    27 |    18 |    44 ||    89
Dodge: Dodged            |    62 |    58 |    93 ||   213
